 Dungeon Crawl Stone Soup version 0.20.0-10-g0535bb4 (webtiles) character file.

42 Gorglomux the Stinger (level 3, -2/33 HPs)
             Began as a Troll Venom Mage on June 6, 2017.
             Killed from afar by Ijyb (21 damage)
             ... with a wand of acid (?/15)
             ... on level 2 of the Dungeon.
             The game lasted 00:02:09 (740 turns).

Gorglomux the Stinger (Troll Venom Mage)             Turns: 740, Time: 00:02:10

Health: -2/33      AC:  5    Str: 16    XL:     3   Next: 33%
Magic:  3/3        EV: 10    Int: 11    God:
Gold:   26         SH:  0    Dex: 11    Spells: 3/4 levels left

rFire    . . .     SeeInvis .     - Unarmed
rCold    . . .     Gourm    +   (no shield)
rNeg     . . .     Faith    .   g - +0 robe (curse)
rPois    .         Spirit   .   (helmet restricted)
rElec    .         Reflect  .   (no cloak)
rCorr    .         Harm     .   (gloves unavailable)
MR       .....                  (boots unavailable)
Stlth    +.........             (no amulet)
Regen    0.6/turn               (no ring)
MPRegen  0.1/turn               (no ring)

@: lethally poisoned (-2 -> -2)
A: unfitting armour, claws 3, fast metabolism 3, gourmand, regeneration 1,
shaggy fur 1, tough skin 2
a: no special abilities


You were on level 2 of the Dungeon.
You were hungry.

You visited 1 branch of the dungeon, and saw 2 of its levels.

You collected 26 gold pieces.

Inventory:

Armour
 a - a +0 robe
 g - a cursed +0 robe (worn)
Jewellery
 e - a +3 ring of strength {unknown}
Scrolls
 d - a scroll of recharging {unknown}
Books
 b - a Young Poisoner's Handbook

   Spells                             Type                      Level
   a - Sting                          Conjuration/Poison           1
   b - Poisonous Vapours              Poison/Air                   2
   c - Mephitic Cloud                 Conjuration/Poison/Air       3
   d - Olgreb's Toxic Radiance        Poison                       4
   e - Venom Bolt                     Conjuration/Poison           5
Comestibles
 c - 3 bread rations
 h - 4 fruits
 z - a meat ration


   Skills:
 + Level 1.6 Fighting
 - Level 1.5 Dodging
 - Level 1.0 Stealth
 + Level 2.0 Unarmed Combat
 - Level 1.2 Spellcasting
 - Level 0.6 Conjurations
 - Level 2.1 Poison Magic


You had 3 spell levels left.
You knew the following spells:

 Your Spells              Type           Power        Failure   Level  Hunger
a - Sting                 Conj/Pois      #...         19%         1    ##.....


Dungeon Overview and Level Annotations

Branches:
Dungeon (2/15)

Altars:

Annotations:
D:2 Ijyb


Innate Abilities, Weirdness & Mutations

You are too large for most types of armour.
You have claws for hands.
Your metabolism is lightning-fast.
You like to eat raw meat.
Your natural rate of healing is unusually fast.
You are covered in fur. (AC +1)
You have very tough skin. (AC +2)


Message History

Ijyb screams, "Me stronger than you!"
You feel sick.
You feel sick.
You feel sick.
You feel sick.
Ijyb zaps a wand.
The bolt of acid misses you.
It is a wand of acid (?/15).
You feel sick.
You feel sick.
You feel sick.
You feel sick.
You feel sick.
You feel sick.
You feel sick.
You feel sick.
Things that are here:
a stone; a kobold corpse You feel sick.
You feel sick.
Ijyb zaps a wand.
The bolt of acid hits you!
Ouch! That really hurt!
You die...

.............#
.##.##.#.รท.#.#
.##..#.##..#(## .#
#.#.###....# .#
#...# #.g(.# .#
#.g.# #.##g##
.###.#.###.##..##
)##..#..##g.##..###
g##.###.....##..@.#
.#g.# ########.##.#
.g.## #..#.# .###
#######.#.# ..
..........#### ..
######.......# ###
.........<..#
####........#
##.......#


You could see Ijyb and a goblin.

Vanquished Creatures
  2 adders (D:2)
  A dart slug (D:1)
  A giant cockroach (D:1)
  4 goblins
  2 hobgoblins
  2 bats (D:1)
  A frilled lizard (D:1)
  6 kobolds
  3 rats
22 creatures vanquished.

Notes
Turn   | Place    | Note
-------+----------+-------------------------------------------
     0 | D:1      | Gorglomux the Troll Venom Mage began the quest for the Orb.
     0 | D:1      | Reached XP level 1. HP: 16/16 MP: 1/1
   288 | D:1      | Reached skill level 1 in Unarmed Combat
   288 | D:1      | Reached XP level 2. HP: 26/26 MP: 2/2
   463 | D:1      | Reached skill level 1 in Fighting
   657 | D:2      | Reached XP level 3. HP: 33/33 MP: 3/3
   701 | D:2      | Noticed Ijyb
   740 | D:2      | Killed from afar by Ijyb

Skill      XL: |  1  2  3 |
---------------+----------+-----
Unarmed Combat | 1 2 |  2.0
Fighting       | 1 |  1.6
Dodging        | |  1.5
Stealth        | |  1.0
Spellcasting   | |  1.2
Conjurations   | |  0.6
Poison Magic   | |  2.1

Action                   || total
-------------------------++-------
Melee: Unarmed           ||    73
 Stab: Sleeping          ||     3
  Eat: Chunk             ||     3
Armor: Robe              ||    23
Dodge: Dodged            ||    47
